 Dungeon Crawl Stone Soup version 0.30-a0-1116-gebefce21f7 (webtiles) character file.

Game seed: 7693794753329637553

23 LobsterGuardian the Caller (level 3, 0/19 HPs)
             Began as a Kobold Summoner on Apr 22, 2023.
             Slain by a gnoll
             ... wielding a +0 club
              (2 damage)
             ... on level 1 of the Dungeon.
             The game lasted 00:02:52 (844 turns).

LobsterGuardian the Caller (Kobold Summoner)         Turns: 844, Time: 00:02:52

Health: 0/19       AC:  6    Str:  5    XL:     3   Next: 12%
Magic:  2/6        EV: 15    Int: 18    God:
Gold:   43         SH:  0    Dex: 15    Spells: 3/6 levels left

rFire   . . .      SeeInvis .    c - +3 short sword
rCold   . . .      Faith    .    (no shield)
rNeg    . . .      Spirit   .    a - +0 robe
rPois   .          Reflect  .    (no helmet)
rElec   .          Rampage  .    j - +1 cloak
rCorr   .                        d - +1 pair of gloves {Stlth+}
Will    .....                    (no boots)
Stlth   ++++                     (no amulet)
HPRegen 0.23/turn                (no ring)
MPRegen 0.10/turn                (no ring)

@: brilliant
A: small, no large weapons, nightstalker 3
a: no special abilities


You were on level 1 of the Dungeon.
You visited 1 branch of the dungeon, and saw 2 of its levels.

You collected 43 gold pieces.

Inventory:

Hand Weapons
 c - a +3 short sword (weapon)
Armour
 a - a +0 robe (worn)
 d - a +1 pair of gloves of stealth (worn)
 j - a +1 cloak (worn)
Scrolls
 e - a scroll of identify {unknown}
Potions
 b - a potion of magic


   Skills:
 + Level 0.1 Short Blades
 + Level 2.4 Dodging
 + Level 3.0 Stealth
 + Level 2.4 Spellcasting
 * Level 4.6 Summonings


You had 3 spell levels left.
You knew the following spells:

 Your Spells              Type           Power      Damage    Failure   Level
a - Summon Small Mammal   Summ           100%       N/A       2%          1
b - Call Imp              Summ           56%        N/A       4%          2

Your spell library contained the following spells:

 Spells                   Type           Power      Damage    Failure   Level
 Call Canine Familiar     Summ           28%        N/A       8%          3
 Summon Guardian Golem    Hex/Summ       15%        N/A       21%         3
 Summon Lightning Spire   Summ/Air       15%        N/A       54%         4


Dungeon Overview and Level Annotations

Branches:
Dungeon (2/15)

Altars:


Innate Abilities, Weirdness & Mutations

You are small and have problems with some larger weapons.
You are completely attuned to the shadows.


Message History

The gnoll shouts!
You hear a shout!
The gnoll completely misses you.
The gnoll hits you from afar with a +0 spear.
The gnoll misses you.
The gnoll hits you from afar with a +0 spear.
You miscast Summon Small Mammal.
You are very lightly contaminated with residual magic.
Nothing appears to happen.
The gnoll hits you from afar with a +0 spear.
The gnoll barely misses you.
Your rat closely misses the gnoll.
The gnoll attacks as you move away! The gnoll completely misses you.
The gnoll hits your rat with a +0 spear!
Your rat dies!
Your rat's corpse disappears in a puff of smoke!
There is an escape hatch in the ceiling here.
The gnoll hits you with a +0 club. A mysterious force pulls you upwards.
The hatch slams shut behind you.
Unknown command.
Unknown command.
Casting: Summon Small Mammal (safe; 2% risk of failure)
Confirm with . or Enter, or press ? or * to list all spells.
The gnoll hits you with a +0 club.
* * * LOW HITPOINT WARNING * * *
Your magical contamination has completely faded away.
Unknown command.
Casting: Summon Small Mammal (safe; 2% risk of failure)
Confirm with . or Enter, or press ? or * to list all spells.
A tiny devil pulls itself out of the air.
The gnoll hits you but does no damage.
You hit the gnoll.
The gnoll is moderately wounded.
The gnoll hits you with a +0 club.
* * * LOW HITPOINT WARNING * * *
Your cerulean imp misses the gnoll.
Unknown command.
It was a potion of brilliance.
You feel clever all of a sudden. The gnoll hits you with a +0 club.
You die...

'#### #......†...# ....#
#..........# ..#.# #...†......#
..#.#######.########
..#................# ####
..###...#..........# #...
..###.#..........5.# #.8.
..+...##........r..# #...
..#######.......@g.# #...
....#####..........# #.<.
...................# #...
...................####### #...
...).............#.......# #.8.
.................#...b.b.# #...
###..............#..bbbbb# ####
#..............##.bbbbb##
#..............##.bbbbbb#######


You could see a gnoll (ally target), a friendly cerulean imp (summoned) and a
friendly rat (summoned).

Vanquished Creatures
  A gnoll (D:2)
  A goblin (D:1)
  A ball python (D:1)
  A bat (D:1)
  3 frilled lizards
  A kobold (D:1)
  5 rats (D:1)
13 creatures vanquished.

Vanquished Creatures (collateral kills)
  An endoplasm (D:1)
  A kobold (D:1)
  A ball python (D:1)
  A rat (D:1)
4 creatures vanquished.

Grand Total: 17 creatures vanquished

Notes
Turn   | Place    | Note
-------+----------+-------------------------------------------
     0 | D:1      | LobsterGuardian the Kobold Summoner began the quest for the
                  | Orb.
     0 | D:1      | Reached XP level 1. HP: 10/10 MP: 3/3
   204 | D:1      | Reached XP level 2. HP: 14/15 MP: 1/5
   434 | D:1      | Learned a level 2 spell: Call Imp
   749 | D:2      | Reached XP level 3. HP: 15/19 MP: 0/6
   844 | D:1      | Slain by a gnoll

Illustrated notes

Levels and vault maps discovered:
D:1:      minmay_arrival_hallway, layout_basic
D:2:      layout_basic, minmay_pentomino_u4, uniq_natasha, uniq_robin

Skill      XL: |  1  2 |
---------------+-------+-----
Stealth        | 3 |  3.0
Short Blades   | |  0.1
Dodging        | |  2.4
Spellcasting   | |  2.4
Summonings     | |  4.6

Action                     || total
---------------------------++-------
  Melee: Short sword       ||    20
         Unarmed           ||     1
   Cast: Summon Small Mamm ||    18
         Call Imp          ||     2
    Use: Scroll            ||     4
         Potion            ||     1
   Stab: Sleeping          ||     6
 Armour: Robe              ||     6
  Dodge: Dodged            ||    24

Table legend: (Time is in decaauts)
 A = Elapsed time spent in this place.
 B = Non-inter-level travel time spent in this place.
 C = Inter-level travel time spent in this place.
 D = Time resting spent in this place.
 E = Time spent auto-exploring this place.
 F = Levels seen in this place.
 G = Mean time per level.
                   A        B        C        D        E       F      G
               +--------+--------+--------+--------+--------+-----+--------+
         Total |    843 |    814 |     29 |      0 |    641 |   2 |  421.5 |
       Dungeon |    843 |    814 |     29 |      0 |    641 |   2 |  421.5 |
               +--------+--------+--------+--------+--------+-----+--------+

Top non-repeatable levels by time:
     D:1: 653 daAuts
     D:2: 189 daAuts
